Unix NetHack Version 3.7.0-95 Work-in-progress - last build Jan 1 2024 20:51:50 (6a0ccc5fa2390e420dd2d488a2f9488d2ae3a63b,branch:master). Game began 2024-01-08 04:58:53, ended 2024-01-08 12:42:55. Arasaka, neutral female human Tourist ---- -- -- ----------|..--.--.--- |.........|..........-- |..------.............| ---- --...----.(.......0 -- -----..--- --....||...............- |........------------ |....----...............| |...........d.>.....0------...| |...............| ----..^..----G------.[..*..*..| ---.......|.....| |......--|.@--- --------.|.--- --...----- .--- --......|---..-- --|...| |..-- -- |-.....|---...--- ---.--- --.| |......-(.......------- --..(-- .- |...........<.....--..| |.....| .. -.....---.............| --....| -- -......|--...^.........| -...-- ....--..||.............-| .---- |....- ------...(.........- -- --.-- |....---..|....| -- ------ ------..| --- Arasaka the Sightseer St:14 Dx:11 Co:14 In:12 Wi:8 Ch:17 Neutral Dlvl:3 $:650 HP:0(26) Pw:14(14) AC:0 Xp:3/78 T:2296 Latest messages: You hit the gecko. The gecko bites! You miss the gecko. The gecko misses! You hit the gecko. The gecko misses! You hit the gecko. You miss the gecko. The gecko misses! You kill the gecko! Where do you want to travel to? (For instructions type a '?') You descend the stairs. You miss the gnome. The gnome misses! You hit the gnome. You miss the gnome. The gnome hits! You hit the gnome. The gnome misses! You miss the gnome. The gnome hits! You miss the gnome. The gnome hits! You miss the gnome. You hit the gnome. You miss the gnome. The gnome misses! You miss the gnome. You hit the gnome. You hit the gnome. You hit the gnome. You hit the gnome. The gnome hits! You hit the gnome. The gnome misses! The gnome lord throws a dagger! The dagger hits the gnome. The gnome is killed! There are several objects here. The gnome lord throws a dagger! You are hit by a dagger. Korone eats a gnome corpse. The gnome lord thrusts his broad short sword. The gnome lord misses! You miss the gnome lord. You miss the gnome lord. The gnome lord thrusts his broad short sword. The gnome lord hits! You die... Inventory: Coins ('$') $ - 650 gold pieces Weapons (')') a - 22 uncursed +2 darts (at the ready) r - an uncursed +0 orcish dagger (weapon in right hand) Armor ('[') D - an uncursed +0 dwarvish iron helm (being worn) E - an uncursed +0 pair of iron shoes (being worn) k - an uncursed +0 Hawaiian shirt with a jellyfish motif (being worn) t - an uncursed +0 splint mail (being worn) Comestibles ('%') b - 5 uncursed food rations Scrolls ('?') i - a blessed scroll of magic mapping j - 3 uncursed scrolls of magic mapping Potions ('!') g - an uncursed potion of extra healing Tools ('(') s - an uncursed blindfold m - an uncursed credit card l - an uncursed expensive camera (0:81) w - an uncursed magic lamp (lit) n - an uncursed magic marker (0:22) Gems/Stones ('*') B - an uncursed worthless piece of white glass Arasaka the Tourist's attributes: Background: You were a Sightseer, a level 3 female human Tourist. You were neutral, nominally on a mission for The Lady who was opposed by Blind Io (lawful) and Offler (chaotic). You were right-handed. You were in the Gnomish Mines, on level 3. You entered the dungeon 2296 turns ago. You had 78 experience points, 2 more were needed to attain level 4. Basics: You had 0 out of 26 hit points. You had all 14 energy points (spell power). Your armor class was 0. Your wallet contained 650 zorkmids. Autopickup was on for '$"?' plus thrown, with exceptions. Final Characteristics: Your strength was 14 (limit:18/100). Your dexterity was 11 (limit:18). Your constitution was 14 (limit:18). Your intelligence was 12 (limit:18). Your wisdom was 8 (limit:18). Your charisma was 17 (limit:18). Final Status: You weren't hungry. You were unencumbered. You were wielding a dagger. You were unskilled in dagger and could have enhanced that. Final Attributes: You were devoutly aligned. You were warded. You are dead. Miscellaneous: You disabled loading of bones levels. Total elapsed playing time was 9 minutes and 30 seconds. Major events: Turn 1: Arasaka the neutral female human Tourist entered the dungeon 564: entered the Gnomish Mines 1608: attained the rank of Sightseer (level 3) 2296: killed by a gnome lord Vanquished creatures: a gnome leader 2 dwarves an acid blob a hobbit a large kobold 10 gnomes 3 geckos 4 jackals a fox 5 goblins a sewer rat 4 grid bugs 7 lichens a kobold zombie 3 newts 45 creatures vanquished. No species were genocided or became extinct. Voluntary challenges: You were an atheist. You read items or engraved 4 times. You never engraved Elbereth. You never genocided any monsters. You never polymorphed an object. You never changed form. You used no wishes. Achievements: You entered the Gnomish Mines. You entered a shop. You attained the rank of Sightseer. The Dungeons of Doom: levels 1 to 3 Level 1: "s" A fountain, a sink. Level 2: Stairs down to The Gnomish Mines. Level 3: The Gnomish Mines: levels 3 to 4 Level 3: <- You were here. Final resting place for you, killed by a gnome lord. Level 4: Game over: ---------- / \ / REST \ / IN \ / PEACE \ / \ | Arasaka | | 650 Au | | killed by a | | gnome lord | | | | | | 2024 | *| * * * | * _________)/\\_//(\/(/\)/\//\/|_)_______ Aloha Arasaka the Tourist... You died in The Gnomish Mines on dungeon level 3 with 462 points, and 650 pieces of gold, after 2296 moves. You were level 3 with a maximum of 26 hit points when you died.